 Dungeon Crawl Stone Soup version 0.27-a0-1381-g81fdcbfb23 (console) character file.

Game seed: 8053512867022601094

24 Ignak the Ogre Mage (level 3, 0/49 HPs)
             Began as an Ogre Hedge Wizard on June 30, 2021.
             Succumbed to an adder's poison
             ... on level 2 of the Dungeon.
             The game lasted 00:04:05 (1037 turns).

Ignak the Ogre Mage (Ogre Hedge Wizard)             Turns: 1037, Time: 00:04:05

Health: 0/49       AC: 21    Str: 14    XL:     3   Next: 2%
Magic:  1/8        EV:  1    Int: 16    God:
Gold:   43         SH:  0    Dex: 10    Spells: 4/9 levels left

rFire    + . .     SeeInvis .   f - +0 hand axe
rCold    + . .     Faith    .   (no shield)
rNeg     + + +     Spirit   .   (armour currently unavailable)
rPois    +         Reflect  .   (helmet currently unavailable)
rElec    +         Harm     .   (cloak currently unavailable)
rCorr    +         Rampage  .   (gloves unavailable)
Will     .....     NoTele   +   (boots unavailable)
Stlth    ++........             (no amulet)
HPRegen  0.16/turn              (no ring)
MPRegen  0.11/turn              (no ring)

@: lethally poisoned (0 -> -2), tree-form, resistant, attractive
A: stationary, stasis, torment immunity, boosted hp, large, unfitting armour,
(tough skin 1), agile 1, inhibited regeneration
a: no special abilities


You were on level 2 of the Dungeon.
You were a tree.
You visited 1 branch of the dungeon, and saw 2 of its levels.

You collected 43 gold pieces.

Inventory:

Hand Weapons
 f - a +0 hand axe (weapon)
Armour
 b - a +0 robe (melded)
 c - a +0 hat (melded)
Scrolls
 a - a scroll of teleportation
 i - a scroll of enchant armour {unknown}


   Skills:
 + Level 1.2 Fighting
 + Level 2.1 Dodging
 - Level 1.4 Stealth
 + Level 0.7 Unarmed Combat
 + Level 3.8 Spellcasting
 + Level 1.2 Conjurations
 - Level 1.0 Summonings
 - Level 1.0 Translocations


You had 4 spell levels left.
You knew the following spells:

 Your Spells              Type           Power      Damage    Failure   Level
a - Magic Dart            Conj           28%        1d4       11%         1
b - Blink                 Tloc           N/A        N/A       17%         2
e - Call Imp              Summ           6%         N/A       17%         2

Your spell library contained the following spells:

 Spells                   Type           Power      Damage    Failure   Level
 Slow                     Hex            3%         N/A       26%         2
 Conjure Flame            Conj/Fire      5%         6-21      36%         3
 Mephitic Cloud           Conj/Pois/Air  4%         N/A       41%         3


Dungeon Overview and Level Annotations

Branches:
Dungeon (2/15)

Altars:

Shops:
D:1 [


Innate Abilities, Weirdness & Mutations

You are a tree.
Your roots penetrate the ground, keeping you stationary.
You cannot be teleported.
You are immune to unholy pain and torment.
Your maximum health is greatly increased.
Your equipment is partially melded.
You are too large for most types of armour.
((You have tough skin. (AC +1)))
You are agile. (Dex +2)
You do not regenerate when monsters are visible.


Message History

Press: ? - help, Shift-Dir - straight line, f/p - adder
Aim: an adder (almost dead, 100% to hit)
The magic dart hits the adder.
You kill the adder!
* * * LOW HITPOINT WARNING * * *
You feel sick.
Your Fighting skill increases to level 1!
You have reached level 3!
Your experience leads to an increase in your attributes!
Increase (S)trength, (I)ntelligence, or (D)exterity?
You feel clever.
You feel stronger.
It was a potion of resistance.
You feel protected.
* * * LOW HITPOINT WARNING * * *
You feel sick.
It was a potion of lignification.
You turn into a tree.
Your +0 hat melds into your body.
Your +0 robe melds into your body.
Your roots penetrate the ground.
* * * LOW HITPOINT WARNING * * *
You feel sick.
It was a potion of mutation.
You feel extremely strange.
Your regeneration stops near monsters.
You feel agile.
* * * LOW HITPOINT WARNING * * *
You feel sick.
It was a potion of attraction.
You feel attractive to monsters.
* * * LOW HITPOINT WARNING * * *
You feel sick.
You cannot move.
You cannot move.
There is a lethal amount of poison in your body!
There is a lethal amount of poison in your body!
There is a lethal amount of poison in your body!
Okay, then.
As you read the scroll labelled KAUSIGYMU, it crumbles to dust.
You feel a strange sense of stasis.
It was a scroll of teleportation.
* * * LOW HITPOINT WARNING * * *
You feel sick.
You feel protected.
You die...

#. #....#####
#..####...........
#.#.....#########
#......######
###..†........#
.............:# #
####...<......# .##
#..........#### ....
#............♣#####.....
####.########..........#
#.# #....!......# #.#
#..######....# #.# #.#
...# #.# ... ..# ..# .#
..# # ##


There were no monsters in sight!

Vanquished Creatures
  An adder (D:2)
  2 bats (D:1)
  A giant cockroach (D:1)
  A goblin (D:1)
  A hobgoblin (D:1)
  2 kobolds (D:1)
  A quokka (D:1)
  5 rats
14 creatures vanquished.

Notes
Turn   | Place    | Note
-------+----------+-------------------------------------------
     0 | D:1      | Ignak the Ogre Hedge Wizard began the quest for the Orb.
     0 | D:1      | Reached XP level 1. HP: 16/16 MP: 5/5
   191 | D:1      | Reached skill level 1 in Translocations
   207 | D:1      | Reached skill level 1 in Conjurations
   207 | D:1      | Reached skill level 1 in Summonings
   243 | D:1      | Reached XP level 2. HP: 26/26 MP: 2/6
   300 | D:1      | Learned a level 2 spell: Blink
   303 | D:1      | Learned a level 2 spell: Call Imp
   347 | D:1      | Found Baralubo's Armour Boutique.
  1032 | D:2      | Reached skill level 1 in Fighting
  1032 | D:2      | Reached XP level 3. HP: 4/33 MP: 0/8
  1034 | D:2      | Gained mutation: You do not regenerate when monsters are
                  | visible. [potion of mutation]
  1034 | D:2      | Gained mutation: You are agile. (Dex +2) [potion of
                  | mutation]
  1034 | D:2      | HP: 2/49 [poisoned by an adder]
  1037 | D:2      | Succumbed to an adder's poison

Illustrated notes

Levels and vault maps discovered:
D:1:      dpeg_arrival_pond, layout_loops_ring, serial_shops,
          nicolae_square_shop, item_on_display_a
D:2:      layout_rooms, uniq_crazy_yiuf_cottage

Skill      XL: |  1  2 |
---------------+-------+-----
Translocations | 1 |  1.0
Conjurations   | 1 |  1.2
Summonings     | 1 |  1.0
Dodging        | 2 |  2.1
Fighting       | 1 |  1.2
Stealth        | |  1.4
Unarmed Combat | |  0.7
Spellcasting   | |  3.8

Action                   || total
-------------------------++-------
Melee: Dagger            ||     6
       Hand axe          ||    17
 Cast: Magic Dart        ||    25
       Call Imp          ||     1
  Use: Potion            ||     5
       Scroll            ||     1
Armor: Robe              ||    17
Dodge: Dodged            ||    25

Table legend: (Time is in decaauts)
 A = Elapsed time spent in this place.
 B = Non-inter-level travel time spent in this place.
 C = Inter-level travel time spent in this place.
 D = Time resting spent in this place.
 E = Time spent auto-exploring this place.
 F = Levels seen in this place.
 G = Mean time per level.
                   A        B        C        D        E       F      G
               +--------+--------+--------+--------+--------+-----+--------+
         Total |   1041 |   1019 |     22 |    153 |    490 |   2 |  520.5 |
       Dungeon |   1041 |   1019 |     22 |    153 |    490 |   2 |  520.5 |
               +--------+--------+--------+--------+--------+-----+--------+

Top non-repeatable levels by time:
     D:1: 966 daAuts
     D:2: 74 daAuts
